 Dungeon Crawl Stone Soup version 0.22.0 (webtiles) character file.

844 zishaf the Digger (level 8, -6/54 HPs)
             Began as an Octopode Earth Elementalist on Aug 11, 2018.
             Was an Initiate of Okawaru.
             Mangled by Duvessa
             ... wielding a +1 short sword of speed
              (8 damage)
             ... on level 4 of the Dungeon.
             The game lasted 00:08:08 (4391 turns).

zishaf the Digger (Octopode Earth Elementalist)     Turns: 4391, Time: 00:08:09

Health: -6/54      AC:  2    Str: 13    XL:     8   Next: 0%
Magic:  11/11      EV: 12    Int: 19    God:    Okawaru [......]
Gold:   136        SH:  0    Dex: 12    Spells: 7/11 levels left

rFire    + . .     SeeInvis .   a - +0 spear
rCold    . . .     Gourm    .   (no shield)
rNeg     . . .     Faith    .   e - +1 hat
rPois    .         Spirit   .   (no amulet)
rElec    .         Reflect  .   o - ring of protection from cold
rCorr    .         Harm     .   p - ring of fire
MR       .....                  f - -3 ring of evasion (curse)
Stlth    +++.......             (no ring)
HPRegen  0.18/turn              (no ring)
MPRegen  0.12/turn              (no ring)
                                (no ring)
                                (no ring)

@: mighty
A: almost no armour, stealthy swim, amphibious, 8 rings, constrict 8, camouflage
1, gelatinous body 1
a: Renounce Religion


You were on level 4 of the Dungeon.
You worshipped Okawaru.
Okawaru was noncommittal.
You were not hungry.

You visited 1 branch of the dungeon, and saw 4 of its levels.

You collected 158 gold pieces.
You spent 22 gold pieces at shops.

Inventory:

Hand Weapons
 a - a +0 spear (weapon)
Missiles
 b - 20 stones (quivered)
 l - 2 javelins
 m - 29 poisoned needles
Armour
 e - a +1 hat (worn)
Jewellery
 f - a cursed -3 ring of evasion (on tentacle)
 o - a ring of protection from cold (left tentacle)
 p - a ring of fire (right tentacle)
Scrolls
 d - 2 scrolls of fear {unknown}
 g - 2 scrolls of amnesia {unknown}
 h - 4 scrolls of remove curse {unknown}
 i - 2 scrolls of blinking {unknown}
 k - 2 scrolls of enchant weapon
 q - 2 scrolls of immolation {unknown}
Potions
 n - a potion of resistance
 r - a potion of invisibility
 s - a potion of might
 u - a potion of degeneration
 w - a potion of heal wounds
Comestibles
 c - 7 rations
 j - 6 chunks of flesh


   Skills:
 + Level 3.7 Fighting
 + Level 2.9 Throwing
 + Level 4.5 Dodging
 - Level 3.0 Stealth
 - Level 2.1 Spellcasting
 + Level 2.1 Conjurations
   Level 1.0 Transmutations
 * Level 5.7 Earth Magic


You had 7 spell levels left.
You knew the following spells:

 Your Spells              Type           Power        Failure   Level  Hunger
a - Sandblast             Erth           ###...       1%          1    #......
b - Stone Arrow           Conj/Erth      ###...       10%         3    ###....

Your spell library contained the following spells:

 Spells                   Type           Power        Failure   Level  Hunger
 Apportation              Tloc           #.....       17%         1    #......
 Summon Small Mammal      Summ           #...         17%         1    #......
 Animate Skeleton         Necr           N/A          17%         1    #......
 Confusing Touch          Hex            #.....       17%         1    #......
 Passwall                 Tmut/Erth      ##......     6%          2    ##.....
 Lee's Rapid Deconstruct  Erth           ###.......   41%         5    ######.
 Petrify                  Tmut/Erth      ##......     38%         4    #####..


Dungeon Overview and Level Annotations

Branches:
Dungeon (4/15)
 Temple: D:4-7

Altars:
Ashenzari
Cheibriados
Dithmenos
Fedhas
Kikubaaqudgha
Makhleb
Nemelex Xobeh
Okawaru
Trog
Wu Jian
Yredelemnul
Zin

Shops:
D:4 [*

Annotations:
D:2 2 transporters
D:4 Duvessa


Innate Abilities, Weirdness & Mutations

You cannot wear most types of armour.
You are very stealthy in the water. (Stealth+)
You are amphibious.
You can wear up to eight rings at the same time.
You can use your tentacles to constrict eight enemies at once.
Your skin changes colour to match your surroundings (Stealth+).
Your rubbery body absorbs attacks. (AC +1, EV +1)


Message History

Duvessa hits you with a short sword of speed.
Duvessa hits you with a short sword of speed!
You puncture Duvessa!
Duvessa is lightly wounded.
You constrict Duvessa, but do no damage.
Duvessa hits you with a short sword of speed. x2
You hit Duvessa but do no damage. You squeeze Duvessa!
Duvessa is heavily wounded.
You constrict Duvessa.
Duvessa hits you with a short sword of speed!
* * * LOW HITPOINT WARNING * * *
Duvessa hits you with a short sword of speed.
* * * LOW HITPOINT WARNING * * *
An orc comes into view. It is wielding a whip.
You puncture Duvessa!
Duvessa is severely wounded.
You constrict Duvessa, but do no damage.
Duvessa barely misses you.
Duvessa hits you with a short sword of speed!
You die...

...# ... ...# .... ...#
#.... .#.###... ##
#.#.#... .. ..#.#.#####
!# ..#...#..)# .# .#
.##..#...#...####.######
....[.#...#..##.@.).....
#.#...#####..##.#e######
##..............#.#
#.#####...#####.#.# .##
##.######.#.# .##
#........#.#
..########.######o#
...........# !#
..##########


You could see Duvessa (berserk) and an orc.

Vanquished Creatures
  Grinder (D:4)
  Sigmund (D:2)
  An ogre (D:4)
  Dowan (D:4)
  A howler monkey (D:4)
  A crimson imp (D:2)
  A hound (D:4)
  A centaur skeleton (D:4)
  Natasha (twice) (D:4)
  A worker ant (D:4)
  A gnoll (D:4)
  4 adders
  2 oozes
  2 worms (D:2)
  4 dart slugs
  6 leopard geckos
  3 orcs (D:4)
  6 bats
  9 giant cockroaches
  13 goblins
  6 hobgoblins
  6 jackals
  8 kobolds
  4 frilled lizards
  6 rats
91 creatures vanquished.

Notes
Turn   | Place    | Note
-------+----------+-------------------------------------------
     0 | D:1      | zishaf the Octopode Earth Elementalist began the quest for the Orb.
     0 | D:1      | Reached XP level 1. HP: 11/11 MP: 3/3
    57 | D:1      | Reached XP level 2. HP: 17/17 MP: 0/5
   283 | D:1      | Reached XP level 3. HP: 21/22 MP: 6/6
   728 | D:1      | Reached skill level 1 in Fighting
  1192 | D:2      | Reached XP level 4. HP: 5/28 MP: 4/7
  1502 | D:2      | Found a transporter.
  1504 | D:2      | Found a transporter.
  1505 | D:2      | Found a shattered altar of Ashenzari.
  1505 | D:2      | Noticed a crocodile
  1506 | D:2      | Found a burning altar of Makhleb.
  1646 | D:2      | Noticed Sigmund
  1669 | D:2      | Killed Sigmund
  1669 | D:2      | Reached skill level 1 in Throwing
  1669 | D:2      | Reached skill level 4 in Earth Magic
  1669 | D:2      | Reached XP level 5. HP: 8/35 MP: 1/8
  1669 | D:2      | Reached XP level 6. HP: 10/41 MP: 1/9
  2010 | D:2      | Found a sparkling altar of Nemelex Xobeh.
  2031 | D:2      | Became a worshipper of Nemelex Xobeh the Trickster
  2234 | D:2      | Received a gift from Nemelex Xobeh
  2670 | D:3      | Found an ancient bone altar of Kikubaaqudgha.
  2678 | D:3      | Found a glowing silver altar of Zin.
  2685 | D:3      | Found a snail-covered altar of Cheibriados.
  2686 | D:3      | Found a blossoming altar of Fedhas.
  2687 | D:3      | Found an ornate altar of the Wu Jian Council.
  2687 | D:3      | Found a basalt altar of Yredelemnul.
  2687 | D:3      | Found a shadowy altar of Dithmenos.
  2714 | D:3      | Reached * piety under Nemelex Xobeh
  2744 | D:3      | Learned a level 3 spell: Stone Arrow
  3124 | D:4      | Noticed Natasha
  3202 | D:4      | Noticed Grinder
  3205 | D:4      | Paralysed by Grinder for 2 turns
  3220 | D:4      | Killed Grinder
  3220 | D:4      | Reached skill level 1 in Conjurations
  3220 | D:4      | Reached skill level 5 in Earth Magic
  3220 | D:4      | Reached XP level 7. HP: 18/46 MP: 0/10
  3421 | D:4      | Found Olaurufa's Antique Armour Emporium.
  3692 | D:4      | Found Boug's General Store.
  3695 | D:4      | Bought a scroll of identify for 22 gold pieces
  4077 | D:4      | Found an iron altar of Okawaru.
  4078 | D:4      | Found a bloodstained altar of Trog.
  4090 | D:4      | Fell from the grace of Nemelex Xobeh
  4090 | D:4      | Became a worshipper of Warmaster Okawaru
  4152 | D:4      | Killed Natasha
  4249 | D:4      | Noticed Natasha
  4259 | D:4      | Killed Natasha
  4383 | D:4      | Noticed Duvessa
  4383 | D:4      | Noticed Dowan
  4387 | D:4      | Killed Dowan
  4387 | D:4      | Reached XP level 8. HP: 43/54 MP: 11/11
  4390 | D:4      | HP: 2/54 [Duvessa/short sword of speed (1)]
  4391 | D:4      | Mangled by Duvessa

Skill      XL: |  1  2  3  4  5  6  7 |
---------------+----------------------+-----
Stealth        | 3 |  3.0
Fighting       | 1 2 3 |  3.7
Dodging        | 3 4 |  4.5
Throwing       | 1 2 |  2.9
Earth Magic    | 4 5 |  5.7
Conjurations   | 1 2 |  2.1
Spellcasting   | |  2.1
Transmutations | |  1.0

Action                   |  1- 3 |  4- 6 |  7- 9 || total
-------------------------+-------+-------+-------++-------
Melee: Spear             |    76 |   129 |    49 ||   254
       Constrict         |    15 |    32 |     8 ||    55
       Tentacles         |     6 |    13 |     8 ||    27
 Cast: Sandblast         |     7 |    17 |    24 ||    48
  Use: Scroll            |       |       |     6 ||     6
       Potion            |       |       |     1 ||     1
 Stab: Sleeping          |     9 |    14 |     2 ||    25
  Eat: Chunk             |     1 |     7 |     6 ||    14
Armor: Skin              |     6 |    13 |     7 ||    26
Dodge: Dodged            |    29 |    55 |    58 ||   142
